cohdb
Replays
Latest Replays
All Replays
Popular Replays
Top Player Replays
Match Explorer
How It Works
Community
CoH3 Stats
Reddit
Sign in to upload your games and track your stats! →
Sign in with Steam
Match 43819243
Unlisted
Match 43819243
Overview
Messages
Build Orders
End
Construct Weapon Support Center
M1919 Machine Gun Team
Bazooka Squad
M1919 Machine Gun Team
Air Support Center
M3 Armored Personnel Carrier
Grasshopper Recon Run
Selects Armored Battlegroup
Selects Veteran Crews
Construct Barracks
M3 Armored Personnel Carrier
Riflemen Squad
Riflemen Squad
Grenade Package
M3 Armored Personnel Carrier
P-47 Strafing Run
P-47 Dive Bomb
Double Sortie
M1918 Browning Automatic Rifles
P-47 Strafing Run
P-47 Strafing Run
Selects M31 Recovery Vehicle
Selects War Machine
M31 Recovery Vehicle
Riflemen Squad
Grasshopper Recon Run
P-47 Strafing Run
Grasshopper Recon Run
P-47 Strafing Run
Construct Tank Depot
P-47 Strafing Run
P-47 Dive Bomb
Selects Strength in Steel
Selects Seek and Destroy
Selects UNKNOWN (2160077)
M18 Hellcat Tank Destroyer
Construct Medical Station
M18 Hellcat Tank Destroyer
Grasshopper Recon Run
M18 Hellcat Tank Destroyer
P-47 Dive Bomb
P-47 Strafing Run
Riflemen Squad
剩者为王
An.Ritter
ElakeFisk
JT
Skyguy
hirohirofvvv
ButterMallow
无耻
0
0
Comments
sign in to comment!
No comments posted yet!